 Dungeon Crawl Stone Soup version 0.19-a0-1815-g4007336 (webtiles) character file.

78 Amnesiac the Magician (level 4, 0/30 HPs)
             Began as a Mummy Wizard on Oct 5, 2016.
             Slain by braks's ghost (14 damage)
             ... on level 4 of the Dungeon.
             The game lasted 00:03:54 (1345 turns).

Amnesiac the Magician (Mummy Wizard)                Turns: 1345, Time: 00:03:55

Health: 0/30       AC:  3    Str: 10    XL:     4   Next: 15%
Magic:  1/10       EV: 12    Int: 17    God:
Gold:   60         SH:  0    Dex: 11    Spells: 4 memorised, 3 levels left

rFire  x . .     SeeInvis .     (no weapon)
rCold  + . .     Gourm    .     a - +0 robe
rNeg   + + +     Faith    .     (no shield)
rPois  ∞         Spirit   .     b - +0 hat
rElec  .         Dismiss  .     e - +0 cloak
rCorr  .         Reflect  .     (no gloves)
MR     .....     Harm     .     (no boots)
Stlth  ++........               (no amulet)
                                (no ring)
                                (no ring)

@: very slightly contaminated
A: no food or potions, fire vulnerability, cold resistance 1, negative energy
resistance 3, torment resistance, unbreathing
a: no special abilities


You were on level 4 of the Dungeon.
You were not hungry.

You visited 1 branch of the dungeon, and saw 4 of its levels.

You collected 60 gold pieces.

Inventory:

Armour
 a - a +0 robe (worn)
 b - a +0 hat (worn)
 e - a +0 cloak (worn)
Scrolls
 d - a scroll of remove curse {unknown}
 f - a scroll of identify {unknown}
 g - a scroll of teleportation {unknown}
 h - a scroll of fog {unknown}
 i - 3 scrolls of blinking {unknown}
 j - a scroll of fear {unknown}
 k - a scroll of recharging {unknown}
 l - a scroll of enchant weapon {unknown}
Books
 c - a book of Minor Magic

   Spells                             Type                      Level
   a - Magic Dart                     Conjuration                  1
   b - Blink                          Translocation                2
   c - Call Imp                       Summoning                    2
   d - Repel Missiles                 Charms/Air                   2
   e - Slow                           Hexes                        2
   f - Conjure Flame                  Conjuration/Fire             3
   g - Mephitic Cloud                 Conjuration/Poison/Air       3


   Skills:
 - Level 1.5 Dodging
 - Level 1.5 Stealth
 + Level 4.7 Spellcasting
 - Level 1.0 Conjurations
 - Level 0.7 Summonings
   Level 0.7 Translocations


You had 3 spell levels left.
You knew the following spells:

 Your Spells              Type           Power        Failure   Level  Hunger
d - Call Imp              Summ           #.......     21%         2    N/A
e - Mephitic Cloud        Conj/Pois/Air  #.......     38%         3    N/A
f - Magic Dart            Conj           #...         12%         1    N/A
s - Conjure Flame         Conj/Fire      #.......     38%         3    N/A

Dungeon Overview and Level Annotations

Branches:
Dungeon (4/15)
 Temple: D:4-7

Altars:

Shops:
D:4 (

Annotations:
D:4 braks's ghost, amateur DsNe


Innate Abilities, Weirdness & Mutations

You do not eat or drink.
Your flesh is vulnerable to fire.
You are immune to poison.
Your flesh is cold resistant. (rC+)
You are immune to negative energy. (rN+++)
You are immune to unholy pain and torment.
You can survive without breathing.


Message History

Confirm with . or Enter, or press ? or * to list all spells.
Aiming: Magic Dart
Press: ? - help, Shift-Dir - straight line, f/p - braks's ghost
Aim: braks's ghost (moderately damaged)
The magic dart hits braks's ghost.
Braks's ghost is moderately damaged.
Braks's ghost hits you.
Your white imp gestures at braks's ghost.
The puff of frost hits braks's ghost.
Your crimson imp blinks!
Your crimson imp barely misses braks's ghost.
Casting: Magic Dart
Confirm with . or Enter, or press ? or * to list all spells.
Aiming: Magic Dart
Press: ? - help, Shift-Dir - straight line, f/p - braks's ghost
Aim: braks's ghost (heavily damaged)
The magic dart hits braks's ghost.
Braks's ghost is heavily damaged.
Braks's ghost hits you!
You die...

#..... ### #....# ...##....#
#...#....# .........# .
......5.# . . #%..5W# .##.
#....@############....
#..<.............##...
#...####.....##.###... #
...5.## #.....##.###... #
#.####.# #...####.......
#.#.#....# ####...## #.###...
#........# #.......# ### #...
#........###.......########..
#.........................(.>


You could see braks's ghost, 2 friendly crimson imps and a friendly white imp.

Vanquished Creatures
  An ooze (D:3)
  2 bats
  A goblin (D:1)
  3 frilled lizards
  4 rats
11 creatures vanquished.

Vanquished Creatures (collateral kills)
  A hound (D:4)
  3 worker ants (D:4)
  An adder (D:3)
5 creatures vanquished.

Grand Total: 16 creatures vanquished

Notes
Turn   | Place    | Note
-------+----------+-------------------------------------------
     0 | D:1      | Amnesiac the Mummy Wizard began the quest for the Orb.
     0 | D:1      | Reached XP level 1. HP: 13/13 MP: 4/4
    13 | D:1      | Reached skill level 1 in Conjurations
   259 | D:2      | You fall through a shaft!
   370 | D:3      | Reached XP level 2. HP: 19/19 MP: 0/6
   374 | D:3      | Learned a level 2 spell: Call Imp
   851 | D:4      | Reached skill level 4 in Spellcasting
   851 | D:4      | Reached XP level 3. HP: 8/24 MP: 0/8
  1054 | D:4      | Found Qyub's Weapon Shoppe.
  1072 | D:4      | Learned a level 3 spell: Mephitic Cloud
  1076 | D:4      | Learned a level 3 spell: Conjure Flame
  1266 | D:4      | Reached XP level 4. HP: 30/30 MP: 4/10
  1334 | D:4      | Noticed braks's ghost (amateur DsNe)
  1345 | D:4      | Slain by braks's ghost

Vault maps used:
D:1:      scummos_arrival_simple_crosswalls, nrook_mini_vaults, hex_medium,
          minmay_tromino_v4_b
D:2:      first_bread
D:3:      grunt_temple_overflow_open, uniq_crazy_yiuf_cottage
D:4:      serial_shops, shop

Skill      XL: |  1  2 |
---------------+-------+-----
Conjurations   | 1 |  1.0
Spellcasting   | 4 |  4.7
Dodging        | |  1.5
Stealth        | |  1.5
Summonings     | |  0.7
Translocations | |  0.7

Action                   |  1- 3 |  4- 6 || total
-------------------------+-------+-------++-------
Melee: Unarmed           |     7 |       ||     7
 Cast: Magic Dart        |    35 |     3 ||    38
       Call Imp          |    13 |     3 ||    16
Armor: Robe              |     5 |     1 ||     6
Dodge: Dodged            |    21 |       ||    21
